 Dungeon Crawl Stone Soup version 0.31-a0-1172-g9944ec47dd (webtiles) character file.

Game seed: 12710588131917843324

1047 Curundu the Covered (level 8, -1/65 (69) HPs)
             Began as a Minotaur Berserker on Dec 10, 2023.
             Was an Elder of Trog.
             Slain by a wight
             ... wielding a +0 flail
              (4 damage)
             ... on level 6 of the Dungeon.
             The game lasted 00:21:04 (4465 turns).

Curundu the Covered (Minotaur Berserker)            Turns: 4465, Time: 00:21:05

HP:   -1/65 (69)    AC: 11    Str: 24    XL:     8   Next: 5%
MP:   16/16         EV: 11    Int:  4    God:    Trog [****..]
Gold: 215           SH:  8    Dex: 10    Spells: 7/7 levels left

rFire   . . .        E - +8 dagger of Calamity {venom, Fly rF+ MP+9}
rCold   + . .        s - +0 kite shield
rNeg    . . .        w - +0 ring mail
rPois   .            (helmet restricted)
rElec   .            p - +0 cloak
rCorr   .            (no gloves)
SInv    .            (no boots)
Will    .....        c - amulet of the acrobat
Stlth   +            r - ring of ice
HPRegen 0.30/turn    G - +4 ring of protection
MPRegen 0.15/turn

%: acrobat
@: flying, drained
A: horns 2, retaliatory headbutt
a: Renounce Religion, Berserk, Trog's Hand, Brothers in Arms


You were on level 6 of the Dungeon.
You worshipped Trog.
Trog was greatly pleased with you.
You visited 1 branch of the dungeon, and saw 6 of its levels.
You also visited: Ossuary.

You collected 215 gold pieces.

Inventory:

Hand Weapons
 a - a +0 spear
 k - a +1 dagger of holy wrath
 x - a +1 dagger of venom
 E - the +8 dagger of Calamity (weapon) {venom, Fly rF+ MP+9}
   (You found it on level 4 of the Dungeon)

   rF+:       It protects you from fire.
   MP+9:      It affects your magic capacity (+9).
   Fly:       It grants you flight.
 N - the +4 falchion of Delicate Exoneration {protect, Int+4}
   (You found it in an ossuary)

   Int+4:     It affects your intelligence (+4).
Missiles
 t - 18 poisoned darts
Armour
 p - a +0 cloak (worn)
 s - a +0 kite shield (worn)
 w - a +0 ring mail (worn)
Magical Staves
 f - a staff of death
Jewellery
 c - an amulet of the acrobat (around neck)
 r - a ring of ice (left hand)
 B - an amulet of faith
 C - an amulet of regeneration
 G - a +4 ring of protection (right hand)
Wands
 F - a wand of polymorph (4)
Scrolls
 b - a scroll of fog
 h - 2 scrolls of vulnerability
 i - 2 scrolls of immolation
 n - a scroll of amnesia {unknown}
 o - a scroll of teleportation
 q - 2 scrolls of silence
 u - a scroll of revelation
 y - 2 scrolls of poison
 M - 2 scrolls of acquirement {unknown}
Potions
 d - 2 potions of cancellation
 e - a potion of enlightenment {unknown}
 g - 3 potions of degeneration {unknown}
 j - a potion of mutation {unknown}
 l - a potion of might {unknown}
 m - a potion of brilliance {unknown}
 v - 3 potions of heal wounds {unknown}
 z - a potion of ambrosia {unknown}
 A - a potion of curing {unknown}
 D - a potion of invisibility {unknown}
 H - a potion of experience {unknown}
 I - a potion of attraction {unknown}
 J - a potion of haste {unknown}
 K - a potion of resistance {unknown}
 L - 2 potions of berserk rage {unknown}


   Skills:
 + Level 5.5 Fighting
 + Level 4.7 Short Blades
 + Level 4.8 Polearms
 + Level 5.7 Armour
 + Level 5.0 Dodging
 + Level 0.3 Stealth
 + Level 3.3 Shields


You had 7 spell levels left.
You didn't know any spells.
Your spell library was empty.

Dungeon Overview and Level Annotations

Branches:
Dungeon (6/15)             Temple (0/1) D:5         Ossuary (visited)

Altars:

Annotations:
D:6 2 runed translucent doors


Innate Abilities, Weirdness & Mutations

You have a pair of horns on your head.
You reflexively headbutt those who attack you in melee.


Message History

You barely miss the wight. You hit the wight but do no damage.
The wight hits you with a +5 great sword!
You feel drained. You block the wight's attack.
You hit the wight.
The wight is moderately damaged.
The wight closely misses you. You furiously retaliate!
You headbutt the wight. The wight hits you with a +0 flail!
You hit the wight. Your headbutt misses the wight.
The wight is severely damaged.
The wight hits you with a +5 great sword!
* * * LOW HITPOINT WARNING * * *
You feel drained.
* * * LOW HITPOINT WARNING * * *
The wight barely misses you.
You hit the wight but do no damage.
You headbutt the wight, but do no damage.
The wight is severely damaged.
You block the wight's attack. The wight hits you with a +0 flail.
* * * LOW HITPOINT WARNING * * *
You hit the wight.
You destroy the wight!
Trog accepts your kill. You block the wight's attack.
You have reached level 8!
You feel agile.
It was a potion of cancellation.
You feel magically purged.
You barely miss the ogre.
The ogre is heavily wounded.
The wight hits you with a +0 flail!
* * * LOW HITPOINT WARNING * * *
You feel drained.
* * * LOW HITPOINT WARNING * * *
The ogre barely misses you.
You hit the ogre.
The ogre is poisoned.
The ogre is severely wounded.
You hit the ogre but do no damage.
The ogre looks as sick as possible!
The ogre is severely wounded.
The wight hits you with a +0 flail.
You die...

#.# ..# #. ####.#. #.. .
#..#.. ... ..####..#.#
#.# ..+.....#...
.+...#.#.# ##..##@z.#
#.!.##O#...... ##.....z#
.###. . ###
#.....#........
#.#..#####.....##.###.##
...zz..........# ... ..
.......z.#......$.... .
......<....>...........
.........#..###...$....


You could see an ogre (extremely poisoned) and 2 wights.

Vanquished Creatures
  A phantom (D:4)
  An elf zombie (Ossuary)
  A kobold brigand (D:5)
  5 scorpions
  2 wights (D:6)
  A howler monkey (D:4)
  2 human zombies (Ossuary)
  2 iguanas (D:5)
  A sleepcap (D:5)
  An orc wizard (D:4)
  2 mummies (Ossuary)
  4 adders
  2 gnolls
  A shadow imp (D:5)
  A white imp (D:5)
  2 ufetubi (D:5)
  2 adder zombies (Ossuary)
  2 worms
  A dart slug (D:1)
  6 orcs
  12 endoplasms
  4 giant cockroaches
  12 hobgoblins
  A jackal (D:3)
  3 quokkas
  8 ball pythons
  7 bats
  2 frilled lizards
  8 goblins
  A goblin zombie (Ossuary)
  10 hobgoblin zombies (Ossuary)
  A jackal zombie (Ossuary)
  15 kobolds
  10 kobold zombies (Ossuary)
  7 orc zombies (Ossuary)
  8 rats
  3 rat zombies (Ossuary)
152 creatures vanquished.

Notes
Turn   | Place    | Note
-------+----------+-------------------------------------------
     0 | D:1      | Curundu the Minotaur Berserker began the quest for the Orb.
     0 | D:1      | Reached XP level 1. HP: 19/19 MP: 0/0
   250 | D:1      | Reached XP level 2. HP: 27/27 MP: 1/1
   590 | D:1      | Reached ** piety under Trog
   712 | D:1      | Found a faded altar of an unknown god.
   952 | D:2      | Reached XP level 3. HP: 33/33 MP: 2/2
  1875 | D:3      | Reached XP level 4. HP: 41/41 MP: 3/3
  2056 | D:3      | Reached *** piety under Trog
  2476 | D:4      | Noticed a phantom
  2490 | D:4      | Reached skill level 1 in Short Blades
  2490 | D:4      | Noticed a scorpion
  2497 | D:4      | Killed a phantom
  2498 | D:4      | Reached skill level 1 in Shields
  2498 | D:4      | Reached XP level 5. HP: 40/47 MP: 4/4
  2523 | D:4      | Reached XP level 6. HP: 18/55 MP: 5/5
  2605 | D:4      | Reached skill level 5 in Fighting
  2866 | D:4      | Identified the +8 dagger of Calamity {venom, Fly rF+ MP+9}
  3311 | D:5      | Entered Level 5 of the Dungeon
  3464 | D:5      | Found a sand-covered staircase.
  3521 | D:5      | Found a staircase to the Ecumenical Temple.
  3580 | D:5      | Reached XP level 7. HP: 47/61 MP: 6/6
  3669 | D:5      | Reached **** piety under Trog
  4056 | Ossuary  | Entered an ossuary
  4202 | Ossuary  | Reached skill level 5 in Armour
  4300 | Ossuary  | Identified the +4 falchion of Delicate Exoneration
                  | {protect, Int+4}
  4437 | D:6      | Found a large runed translucent door.
  4437 | D:6      | Found a large runed translucent door.
  4447 | D:6      | Reached skill level 5 in Dodging
  4462 | D:6      | Reached XP level 8. HP: 14/67 MP: 7/7
  4463 | D:6      | HP: 3/65 [wight/+0 flail (3)]
  4465 | D:6      | Slain by a wight

Illustrated notes

Levels and vault maps discovered:
D:1:      dpeg_arrival_ternary, layout_loops_ring,
          hellmonk_ecumenical_altar_crossroads, hangedman_glass_teeth
D:2:      layout_loops_cross, roderic_serpentine_path
D:3:      layout_basic, minmay_close_crescents
D:4:      layout_basic, nrook_loot_triangle, minmay_unequal
D:5:      minmay_general_purpose_star, layout_basic,
          minmay_temple_entry_poolview, enter_ossuary_1
D:6:      due_chaos_kobolds, layout_rooms, mainiacjoe_overflow_24_doors,
          nicolae_water_bricks, nicolae_concentric_dashed_squares_mild,
          kennysheep_big_empty_room, grunt_ministairs_2

Skill      XL: |  1  2  3  4  5  6  7 |
---------------+----------------------+-----
Polearms       | 4 |  4.8
Fighting       | 4 5 |  5.5
Dodging        | 3 4 5 |  5.0
Short Blades   | 1 2 3 4 |  4.7
Shields        | 1 2 3 |  3.3
Armour         | 3 4 5 |  5.7
Stealth        | |  0.3

Action                     |  1- 3 |  4- 6 |  7- 9 || total
---------------------------+-------+-------+-------++-------
  Melee: Spear             |    44 |       |       ||    44
         Headbutt          |    27 |    22 |    32 ||    81
         Dagger            |    87 |   159 |   138 ||   384
 Invoke: Trog's Hand       |       |     1 |       ||     1
    Use: Scroll            |       |       |     7 ||     7
         Potion            |       |       |     1 ||     1
 Armour: Animal skin       |    56 |     7 |       ||    63
         Ring mail         |       |    80 |    55 ||   135
  Dodge: Dodged            |    86 |    98 |    60 ||   244
  Block: Kite shield       |     2 |    62 |    41 ||   105

Table legend: (Time is in decaauts)
 A = Elapsed time spent in this place.
 B = Non-inter-level travel time spent in this place.
 C = Inter-level travel time spent in this place.
 D = Time resting spent in this place.
 E = Time spent auto-exploring this place.
 F = Levels seen in this place.
 G = Mean time per level.
                   A        B        C        D        E       F      G
               +--------+--------+--------+--------+--------+-----+--------+
         Total |   4457 |   4457 |      0 |    119 |   2945 |   7 |  636.7 |
       Dungeon |   4167 |   4167 |      0 |    119 |   2945 |   6 |  694.5 |
       Ossuary |    289 |    289 |      0 |      0 |      0 |   1 |  289.0 |
               +--------+--------+--------+--------+--------+-----+--------+

Top non-repeatable levels by time:
     D:1: 908 daAuts
     D:4: 838 daAuts
     D:5: 822 daAuts
     D:3: 812 daAuts
     D:2: 755 daAuts
 Ossuary: 289 daAuts
     D:6: 31 daAuts
